 Seeded DCSS version 0.29.1-4-g47bece8355 (webtiles) character file.

Game seed: 10601587644653659560 (custom seed)

16657 kingsuperguy the Severer (level 12, -1/108 HPs)
             Began as a Hill Orc Monk on Dec 9, 2022.
             Was an Elder of Beogh.
             Killed from afar by a swamp dragon (9 damage)
             ... with a blast of poison
             ... on level 1 of the Swamp.
             The game lasted 00:27:21 (15121 turns).

kingsuperguy the Severer (Hill Orc Monk)           Turns: 15121, Time: 00:27:22

Health: -1/108     AC: 19    Str: 19    XL:     12   Next: 39%
Magic:  6/13       EV:  8    Int: 10    God:    Beogh [****..]
Gold:   544        SH:  5    Dex: 13    Spells: 11/11 levels left

rFire   . . .      SeeInvis .   l - +8 frozen axe "Frostbite" {freezing cloud, *Noise Fly rC+}
rCold   + . .      Faith    .   (shield currently unavailable)
rNeg    . . .      Spirit   .   G - +0 plate armour
rPois   .          Reflect  +   H - +2 helmet
rElec   .          Harm     .   e - scarf {repulsion}
rCorr   .          Rampage  .   (no gloves)
Will    .....                   D - +0 pair of boots
Stlth   ..........              B - amulet of reflection
HPRegen 0.28/turn               (no ring)
MPRegen 0.13/turn               (no ring)

@: mighty, lethally poisoned (-1 -> -19), attractive, flying, repel missiles
A: no striking features
a: Renounce Religion, Smiting, Recall Orcish Followers


You were on level 1 of the Swamp.
You worshipped Beogh.
Beogh was greatly pleased with you.
You visited 3 branches of the dungeon, and saw 13 of its levels.

You collected 544 gold pieces.

Inventory:

Hand Weapons
 a - a +0 hand axe
 j - the +8 whip of Vibruoff {vamp, rPois rN+ SInv}
   (You took it off Maggie on level 7 of the Dungeon)

   It occasionally heals its wielder for a portion of the damage dealt when it
   wounds a living foe.
   rPois:     It protects you from poison.
   rN:        It protects you from negative energy.
   SInv:      It lets you see invisible.
 l - the +8 frozen axe "Frostbite" (weapon) {freezing cloud, *Noise Fly rC+}
   (You found it on level 2 of the Dungeon)

   It freezes those it strikes, dealing additional cold damage.
   It can also slow down cold-blooded creatures.
   It occasionally leaves clouds of freezing vapour upon striking a foe.
   It grants immunity to clouds of freezing vapour.
   rC:        It protects you from cold.
   Fly:       It grants you flight.
   *Noise:    It may make noises in combat.
 K - a +1 morningstar
Armour
 b - a +0 robe
 e - a scarf of repulsion (worn)
 g - a +0 scale mail
 m - a +2 cloak
 D - a +0 pair of boots (worn)
 G - a +0 plate armour (worn)
 H - a +2 helmet (worn)
Jewellery
 B - an amulet of reflection (around neck)
 C - a ring of willpower
 I - a ring of magical power
 J - an amulet of guardian spirit
Wands
 r - a wand of iceblast (18)
 v - a wand of polymorph (15)
 x - a wand of mindburst (8)
 y - a wand of paralysis (9)
 E - a wand of flame (34)
Scrolls
 c - 6 scrolls of poison {unknown}
 f - 2 scrolls of fear {unknown}
 h - 9 scrolls of teleportation {unknown}
 i - 4 scrolls of fog
 k - 2 scrolls of noise {unknown}
 p - 11 scrolls of identify {unknown}
 q - 2 scrolls of silence {unknown}
 u - a scroll of amnesia {unknown}
 w - a scroll of enchant weapon {unknown}
 F - a scroll of enchant armour {unknown}
Potions
 d - 2 potions of brilliance
 n - a potion of attraction
 o - a potion of heal wounds {unknown}
 s - a potion of degeneration {unknown}
 t - a potion of haste
 z - a potion of might
 A - a potion of mutation {unknown}


   Skills:
 + Level 10.6 Fighting
 + Level 18.0 Axes
 + Level 0.1(10.0) Maces & Flails
 + Level 10.5 Armour
 + Level 4.3 Dodging
 + Level 3.5 Stealth
 + Level 2.7 Shields
 + Level 2.3 Invocations


You had 11 spell levels left.
You didn't know any spells.
Your spell library contained the following spells:

 Spells                   Type           Power      Damage    Failure   Level
 Gell's Gravitas          Tloc           0%         N/A       100%        3
 Lesser Beckoning         Tloc           0%         N/A       100%        3
 Teleport Other           Tloc           0%         N/A       100%        3
 Tukima's Dance           Hex            0%         N/A       100%        3
 Airstrike                Air            0%         2d(0-16)  100%        4
 Passage of Golubria      Tloc           0%         N/A       100%        4
 Summon Lightning Spire   Summ/Air       0%         N/A       100%        4
 Fireball                 Conj/Fire      0%         3d3       100%        5
 Lightning Bolt           Conj/Air       0%         1d11      100%        5
 Silence                  Hex/Air        0%         N/A       100%        5
 Summon Forest            Summ/Tloc      0%         N/A       100%        5
 Summon Mana Viper        Hex/Summ       0%         N/A       100%        5
 Yara's Violent Unravell  Hex/Tmut       0%         3d3       100%        5
 Starburst                Conj/Fire      0%         6d3       100%        6
 Summon Cactus Giant      Summ           0%         N/A       100%        6
 Ignition                 Fire           0%         3d3       100%        8
 Lehudib's Crystal Spear  Conj/Erth      0%         10d2      100%        8


Dungeon Overview and Level Annotations

Branches:
Dungeon (10/15)            Temple (0/1) D:4            Lair (2/5) D:10
  Swamp (1/4) Lair:2          Orc (0/2) D:9
  Snake: Lair:2-3    Spider: Lair:2-3

Altars:
Cheibriados
Dithmenos
Hepliaklqana
Makhleb
Nemelex Xobeh
Okawaru
Ru
Uskayaw
Yredelemnul

Annotations:
D:8 exclusion: orange crystal statue


Message History

What are your orders? t - Shout!
Orders for allies: a - Attack new target. r - Retreat! s - Stop attacking. g - Guard the area. f - Follow me.
Anything else - Cancel.
Retreat in which direction?
Press: ? - help, Dir - move target Fall back!
The swamp dragon breathes poison at you.
The blast of poison engulfs you but does no damage.
You are poisoned.
Agrik is engulfed in poison gas.
Agrik is poisoned.
You are engulfed in poison gas.
You are more poisoned.
* * * LOW HITPOINT WARNING * * *
x2 You feel very sick.
* * * LOW HITPOINT WARNING * * *
You feel very sick.
Agrik is engulfed in poison gas.
Agrik looks even sicker.
A spriggan rider comes into view.
It is wielding a +0 spear and quivering curare-tipped darts.
It was a potion of attraction.
You feel attractive to monsters.
* * * LOW HITPOINT WARNING * * *
You feel very sick.
The spriggan rider is engulfed in poison gas.
The spriggan rider is poisoned.
The swamp dragon is attracted toward you.
The spriggan rider is attracted toward you.
It was a potion of might.
You feel very mighty all of a sudden.
* * * LOW HITPOINT WARNING * * *
You feel very sick.
Agrik no longer looks unusually strong.
The swamp dragon breathes poison at you.
The blast of poison engulfs you!
You are more poisoned.
You die...

<.~~~..~~÷.~~~.~~..~~§
..~~~~~~~§.~~~....~§~~.~
...~~~.....~~§....§~§~~.
.~~~~.♣♣♣...)~~~~~~~~~~~
.~~~~.♣ ♣♣...~~~~~~~~~~
§§~~.♣♣ ♣♣†..~~~~~.~~
♣~.~~. ♣♣♣~.....♣♣
♣♣.~~~. ♣..~.§♣♣♣ ♣
♣~~o@D♣~♣ ~. ♣♣...i§°♣
~.. ♣~~..~○°♣♣?...
~.~§♣♣..~..○~..~.
................~
♣.~~~.###.####..♣
♣.§~~♣#°)§§§§.#.♣ ♣..♣♣
#§§§§§§.# . ♣♣
♣♣§§§§§....


You could see a swamp dragon (catching breath), a spriggan rider (poisoned) and
the friendly Agrik the orc sorcerer (invisible, very poisoned).

Vanquished Creatures
  A hydra (Swamp:1)
  A ghost crab (Swamp:1)
  A catoblepas (Lair:1)
  3 alligators (Swamp:1)
  A spriggan (Swamp:1)
  Nergalle (Lair:1)
  A bog body (Lair:2)
  Pikel (D:9)
  3 elephants (Lair:2)
  A black mamba (Lair:1)
  2 cane toads
  Maggie (D:7)
  2 komodo dragons
  A tyrant leech (Swamp:1)
  2 hornets
  A polar bear (Lair:1)
  Sigmund (D:5)
  A steam dragon (D:6)
  9 yaks
  A basilisk (Lair:1)
  8 water moccasins
  An acid dragon (D:5)
  4 orc warriors
  A black bear (D:7)
  A sky beast (D:8)
  An ice beast (D:6)
  2 ogres
  2 centaurs (D:8)
  14 wolves (Lair:1)
  A kobold brigand (D:7)
  3 bullfrogs
  3 necrophages (D:6)
  3 scorpions
  A wight (D:9)
  3 electric eels
  5 howler monkeys
  3 lava snakes
  2 jellies
  A gnoll bouda (D:4)
  3 orc priests (D:5)
  4 hounds
  Ijyb (D:3)
  Natasha (twice) (D:4)
  2 iguanas
  5 orc wizards
  11 gnolls
  13 adders
  2 white imps
  4 ufetubi
  4 worms
  33 orcs
  9 endoplasms
  4 giant cockroaches
  7 goblins
  9 hobgoblins
  4 quokkas
  6 ball pythons
  4 bats
  3 frilled lizards
  12 kobolds
  2 rats
238 creatures vanquished.

Vanquished Creatures (collateral kills)
  Erica (D:8)
  An elephant (Lair:2)
  A cane toad (Lair:2)
  2 komodo dragons (Lair:2)
  A wyvern (Lair:2)
  7 yaks
  A basilisk (Lair:2)
  4 water moccasins
  9 wolves (Lair:1)
  A lemure (D:9)
  2 bullfrogs
  3 wights (D:9)
  An electric eel (Lair:1)
  2 howler monkeys
  A lava snake (D:8)
  A jelly (D:8)
  3 orc wizards
  2 gnolls (D:8)
  9 orcs
  A bush (Lair:2)
53 creatures vanquished.

Vanquished Creatures (others)
  3 orc knights
  A bloated husk (Swamp:1)
  2 orc warriors
  2 orc wizards
  19 orcs
  15 fungi
  45 plants
87 creatures vanquished.

Grand Total: 378 creatures vanquished

Notes
Turn   | Place    | Note
-------+----------+-------------------------------------------
     0 | D:1      | kingsuperguy the Hill Orc Monk began the quest for the Orb.
     0 | D:1      | Reached XP level 1. HP: 19/19 MP: 1/1
   375 | D:1      | Reached XP level 2. HP: 19/27 MP: 2/2
   501 | D:1      | Found a faded altar of an unknown god.
  1072 | D:2      | Reached XP level 3. HP: 25/33 MP: 3/3
  1599 | D:2      | Found the +8 frozen axe "Frostbite" {freezing cloud, *Noise
                  | Fly rC+}
  1726 | D:2      | Reached skill level 5 in Axes
  1726 | D:2      | Reached XP level 4. HP: 35/41 MP: 4/4
  1945 | D:3      | Noticed a water moccasin
  1948 | D:3      | Killed a water moccasin
  1949 | D:3      | Reached skill level 6 in Axes
  1949 | D:3      | Reached skill level 1 in Armour
  1949 | D:3      | Reached XP level 5. HP: 47/47 MP: 5/5
  2177 | D:3      | Noticed Ijyb
  2182 | D:3      | Killed Ijyb
  2273 | D:3      | Reached XP level 6. HP: 53/53 MP: 6/6
  2572 | D:3      | Found a hide-covered altar of Uskayaw.
  2572 | D:3      | Noticed a +0 hand axe
  2572 | D:3      | Noticed a +0 dagger
  2829 | D:4      | Found a staircase to the Ecumenical Temple.
  2978 | D:4      | Reached skill level 7 in Axes
  3371 | D:4      | Noticed Natasha
  3374 | D:4      | Killed Natasha
  3502 | D:4      | Noticed Natasha
  3506 | D:4      | Killed Natasha
  3507 | D:4      | Reached XP level 7. HP: 60/60 MP: 7/7
  3516 | D:4      | Reached skill level 5 in Fighting
  3516 | D:4      | Reached skill level 8 in Axes
  3611 | D:4      | Became a worshipper of Beogh the Brigand
  3611 | D:4      | Reached * piety under Beogh
  3611 | D:4      | Reached ** piety under Beogh
  3764 | D:5      | Entered Level 5 of the Dungeon
  3769 | D:5      | Noticed Sigmund
  4205 | D:5      | Reached skill level 9 in Axes
  4595 | D:5      | Found a sparkling altar of Nemelex Xobeh.
  4721 | D:5      | Reached XP level 8. HP: 66/68 MP: 8/8
  4726 | D:5      | Reached skill level 10 in Axes
  4738 | D:5      | Killed Sigmund
  4797 | D:5      | Reached skill level 1 in Invocations
  5281 | D:6      | Found a hazy altar of Hepliaklqana.
  5471 | D:6      | Reached skill level 11 in Axes
  5509 | D:6      | Reached XP level 9. HP: 23/75 MP: 10/10
  6170 | D:7      | Found a shadowy altar of Dithmenos.
  6187 | D:7      | Reached *** piety under Beogh
  6200 | D:7      | Reached skill level 12 in Axes
  6203 | D:7      | Reached skill level 5 in Armour
  6903 | D:7      | Identified the +8 whip of Vibruoff {vamp, rPois rN+ SInv}
  6903 | D:7      | Noticed Maggie
  6915 | D:7      | Killed Maggie
  6916 | D:7      | Reached skill level 13 in Axes
  7692 | D:7      | Found an iron altar of Okawaru.
  7764 | D:7      | Reached skill level 1 in Shields
  7930 | D:7      | Found a sacrificial altar of Ru.
  7981 | D:7      | Reached XP level 10. HP: 86/86 MP: 11/11
  8359 | D:8      | Reached skill level 14 in Axes
  8486 | D:8      | Noticed an orange crystal statue
  8796 | D:8      | Paralysed by a hornet for 1 turns
  9002 | D:8      | Found a basalt altar of Yredelemnul.
  9002 | D:8      | Found a burning altar of Makhleb.
  9230 | D:8      | Noticed Erica
  9241 | D:8      | Killed Erica
 10265 | D:9      | Noticed Pikel
 10272 | D:9      | Killed Pikel
 10293 | D:9      | Found a snail-covered altar of Cheibriados.
 10933 | D:9      | Found a staircase to the Orcish Mines.
 11306 | D:10     | Entered Level 10 of the Dungeon
 11367 | D:10     | Found a staircase to the Lair.
 11440 | Lair:1   | Entered Level 1 of the Lair of Beasts
 11444 | Lair:1   | Reached **** piety under Beogh
 11447 | Lair:1   | Reached skill level 15 in Axes
 11450 | Lair:1   | Gained Boderik as an ally
 11455 | Lair:1   | Reached XP level 11. HP: 60/95 MP: 12/12
 11732 | Lair:1   | Noticed a catoblepas
 11743 | Lair:1   | Killed a catoblepas
 11744 | Lair:1   | Reached skill level 16 in Axes
 12427 | Lair:1   | Noticed Nergalle
 12435 | Lair:1   | Killed Nergalle
 13096 | Lair:2   | Reached ***** piety under Beogh
 13271 | Lair:2   | Reached skill level 17 in Axes
 13294 | Lair:2   | Noticed a bog body
 13299 | Lair:2   | Killed a bog body
 13457 | Lair:2   | Gained Agrik as an ally
 13461 | Lair:2   | Reached skill level 10 in Fighting
 14194 | Lair:2   | Reached XP level 12. HP: 106/106 MP: 13/13
 14301 | Lair:2   | Found a staircase to the Swamp.
 14758 | Swamp:1  | Entered Level 1 of the Swamp
 14766 | Swamp:1  | Noticed an alligator
 14766 | Swamp:1  | Noticed an alligator
 14772 | Swamp:1  | Killed an alligator
 14773 | Swamp:1  | Reached skill level 10 in Armour
 14773 | Swamp:1  | Killed an alligator
 14936 | Swamp:1  | Noticed an alligator
 14942 | Swamp:1  | Killed an alligator
 15099 | Swamp:1  | Noticed a seven-headed hydra
 15099 | Swamp:1  | Noticed a ghost crab
 15107 | Swamp:1  | Killed a seven-headed hydra
 15107 | Swamp:1  | Your ally Boderik died
 15108 | Swamp:1  | Reached skill level 18 in Axes
 15115 | Swamp:1  | Killed a ghost crab
 15121 | Swamp:1  | Killed from afar by a swamp dragon

Illustrated notes

Levels and vault maps discovered:
D:1:      evilmike_arrival_home_sweet_home, layout_basic,
          hellmonk_ecumenical_altar_inner_sanctum
D:2:      layout_loops_ring, grunt_ministairs_12, minmay_tetromino_i4
D:3:      layout_basic, dancing_weapons_uskayaw, hangedman_decor_points,
          minmay_misc_feat_chi, serial_bayou_pond_e, kennysheep_boxes, uniq_ijyb
D:4:      layout_gridville, minmay_temple_entry_tees, uniq_natasha
D:5:      layout_loops_ring, nemelex_diamond_rough_becter, uniq_sigmund
D:6:      layout_basic, mainiacjoe_overflow_chevrons, nicolae_lava_and_water,
          corexii_leaking_fountain
D:7:      minmay_spotlight, layout_gridville, nicolae_ru_the_path_less_chosen,
          mainiacjoe_overflow_catwalk, kennysheep_okawaru_gauntlet,
          chequers_big_river, minmay_misc_feat_x, kennysheep_crisscross,
          uniq_maggie
D:8:      layout_loops_ring, gammafunk_temple_overflow_pools,
          minmay_misc_feat_rugged, disabler_island, uniq_erica
D:9:      layout_layer_cave, nicolae_overflow_crystal_walls, hiddenorc1_lemuel,
          minmay_fountain_box, uniq_pikel
D:10:     layout_basic, kennysheep_mini, lair_entry_dummy
Lair:1:   layout_regular_city, grunt_forest_large_clearings,
          serial_bayou_shore_a, serial_bayou_shore_b, serial_bayou_shore_b,
          grunt_megastairs_4, uniq_nergalle
Lair:2:   layout_cave_pods, skrybe_swamp_entry_bodies
Swamp:1:  layout_basic_swamp, evilmike_swamp_ruin_house_2, swamp_pool1

Skill      XL: |  1  2  3  4  5  6  7  8  9 10 11 12 |
---------------+-------------------------------------+-----
Fighting       | 4 5 6 7 8 10 | 10.6
Axes           | 5 6 7 9 11 13 15 17 18 | 18.0
Armour         | 1 2 3 4 5 7 9 10 | 10.5
Dodging        | 3 4 |  4.3
Stealth        | 2 3 |  3.5
Invocations    | 1 2 |  2.3
Shields        | 1 2 |  2.7
Maces & Flails | |  0.1

Action                   |  1- 3 |  4- 6 |  7- 9 | 10-12 || total
-------------------------+-------+-------+-------+-------++-------
Melee: Hand axe          |   105 |       |       |       ||   105
       Executioner's axe |     6 |    75 |   170 |   117 ||   368
       Whip              |       |       |       |     1 ||     1
Invok: Convert to Beogh  |       |       |     1 |       ||     1
       Smiting           |       |       |     2 |     3 ||     5
       Recall Orcish Fol |       |       |       |     3 ||     3
  Use: Potion            |     1 |       |     5 |     5 ||    11
       Scroll            |       |       |       |     1 ||     1
 Stab: Sleeping          |     2 |       |       |       ||     2
       Distracted        |       |       |       |     5 ||     5
Armor: Robe              |     3 |       |       |       ||     3
       Scale mail        |    59 |    40 |    55 |    10 ||   164
       Plate armour      |       |       |       |    64 ||    64
Dodge: Dodged            |    51 |    55 |    98 |    70 ||   274
       Repelled          |       |       |     3 |     2 ||     5
Block: Other             |       |       |    18 |    37 ||    55
       Reflection        |       |       |     1 |     2 ||     3
